 Dungeon Crawl Stone Soup version 0.29.1-12-g30fa7ad0bf (webtiles) character file.

Game seed: 7779459592834533122

6496 styxcanada the Cleaver (level 10, 0/91 HPs)
             Began as a Minotaur Fighter on Dec 19, 2022.
             Was an Initiate of Gozag.
             Slain by a two-headed ogre
             ... wielding a +0 giant club
              (22 damage)
             ... on level 9 of the Dungeon.
             The game lasted 00:28:39 (9445 turns).

styxcanada the Cleaver (Minotaur Fighter)           Turns: 9445, Time: 00:28:40

Health: 0/91       AC: 18    Str: 30    XL:     10   Next: 68%
Magic:  9/9        EV: 13    Int:  5    God:    Gozag
Gold:   1334       SH:  5    Dex: 11    Spells: 9/9 levels left

rFire   . . .      SeeInvis .   a - +3 war axe (protect)
rCold   . . .      Faith    .   c - +0 buckler
rNeg    . . .      Spirit   .   O - +1 plate armour
rPois   .          Reflect  .   (helmet restricted)
rElec   .          Harm     .   (no cloak)
rCorr   .          Rampage  .   (no gloves)
Will    .....                   K - +1 pair of boots "Wibrat" {Stlth+}
Stlth   ..........              (no amulet)
HPRegen 0.25/turn               p - +4 ring of evasion
MPRegen 0.11/turn               y - +6 ring of strength

@: no status effects
A: horns 2, retaliatory headbutt
a: Renounce Religion, Potion Petition, Call Merchant, Bribe Branch


You were on level 9 of the Dungeon.
You worshipped Gozag.
Gozag was most pleased with you.
You visited 2 branches of the dungeon, and saw 10 of its levels.
You also visited: Sewer.

You collected 1386 gold pieces.
You paid 52 gold pieces to Gozag.

Inventory:

Hand Weapons
 a - a +3 war axe of protection (weapon)
 t - a +0 sling
 C - a +1 short sword of draining
 F - a +2 hand axe of electrocution
 M - a +1 long sword of venom
 N - a +4 vorpal flail
Missiles
 l - 26 poisoned darts (quivered)
 v - 5 boomerangs
 H - 2 curare-tipped darts
Armour
 c - a +0 buckler (worn)
 K - the +1 pair of boots "Wibrat" (worn) {Stlth+}
   (You found it in a sewer)

   Stlth:     It makes you more stealthy.
 O - a +1 plate armour (worn)
Jewellery
 b - a +4 ring of protection
 g - a +6 ring of intelligence
 p - a +4 ring of evasion (left hand)
 y - a +6 ring of strength (right hand)
Wands
 n - a wand of flame (24)
 s - a wand of iceblast (6)
 D - a wand of digging (7)
 G - a wand of acid (9)
Scrolls
 f - 6 scrolls of teleportation
 j - 2 scrolls of brand weapon
 r - 2 scrolls of immolation
 A - 2 scrolls of enchant armour
Potions
 d - 4 potions of might
 e - 3 potions of curing
 h - a potion of berserk rage
 i - a potion of attraction
 k - a potion of heal wounds
 o - 6 potions of flight
 q - a potion of mutation
 u - 2 potions of cancellation
 z - 2 potions of resistance {unknown}
 I - 2 potions of magic {unknown}
 J - 2 potions of haste {unknown}
 P - a potion of brilliance {unknown}
 Q - a potion of lignification {unknown}


   Skills:
 * Level 9.4 Fighting
 + Level 11.5 Axes
 + Level 1.6 Throwing
 * Level 10.3 Armour
 + Level 3.4 Dodging
 + Level 6.0 Shields
 * Level 4.8 Evocations


You had 9 spell levels left.
You didn't know any spells.
Your spell library contained the following spells:

 Spells                   Type           Power      Damage    Failure   Level
 Slow                     Hex            0%         N/A       99%         1
 Confusing Touch          Hex            0%         N/A       100%        3
 Vampiric Draining        Necr           0%         2d6       100%        3
 Anguish                  Hex/Necr       0%         N/A       100%        4
 Enfeeble                 Hex            0%         N/A       100%        7
 Haunt                    Necr/Summ      0%         N/A       100%        7
 Infestation              Necr           0%         N/A       100%        8
 Animate Dead             Necr           Unusable   N/A       N/A         4

Dungeon Overview and Level Annotations

Branches:
Dungeon (9/15)             Temple (1/1) D:4           Sewer (visited)
   Lair: D:8-11         Orc: D:9-12

Altars:
Ashenzari
Dithmenos
Elyvilon
Fedhas
Gozag
Hepliaklqana
Kikubaaqudgha
Okawaru
Qazlal
Ru
Sif Muna
Uskayaw
Vehumet
Wu Jian
Xom
Yredelemnul
Zin
The Shining One

Shops:
D:7 *


Innate Abilities, Weirdness & Mutations

You have a pair of horns on your head.
You reflexively headbutt those who attack you in melee.


Message History

The puff of flame hits the two-headed ogre!
The two-headed ogre is lightly wounded.
Throw: 29 darts (poison)
Press: ? - help, Q - select action, (/) - cycle Shift-Dir - straight line, f/p - two-headed ogre
Aim: a two-headed ogre, wielding two +0 giant clubs (lightly wounded, 75% to hit)
You throw a poisoned dart.
The poisoned dart closely misses the two-headed ogre.
The two-headed ogre closely misses you. The two-headed ogre misses you.
The two-headed ogre attacks as you move away!
The two-headed ogre closely misses you. The two-headed ogre misses you.
Throw: 28 darts (poison)
Press: ? - help, Q - select action, (/) - cycle Shift-Dir - straight line, f - you
Okay, then.
Throw: 28 darts (poison)
Press: ? - help, Q - select action, (/) - cycle Shift-Dir - straight line, f/p - two-headed ogre
Aim: a two-headed ogre, wielding two +0 giant clubs (lightly wounded, 75% to hit)
You throw a poisoned dart.
The poisoned dart hits the two-headed ogre.
The two-headed ogre is poisoned.
The two-headed ogre is lightly wounded.
The two-headed ogre attacks as you move away!
The two-headed ogre barely misses you.
The two-headed ogre hits you but does no damage.
Found 2 potions of attraction.
Found a stone staircase leading down.
The two-headed ogre attacks as you move away!
The two-headed ogre barely misses you. You furiously retaliate!
You headbutt the two-headed ogre!
The two-headed ogre hits you with a +0 giant club!!
* * * LOW HITPOINT WARNING * * *
Throw: 27 darts (poison)
Press: ? - help, Q - select action, (/) - cycle Shift-Dir - straight line, f/p - two-headed ogre
Aim: a two-headed ogre, wielding two +0 giant clubs (heavily wounded, poisoned, 75% to hit)
You throw a poisoned dart.
The poisoned dart hits the two-headed ogre.
The two-headed ogre looks even sicker.
The two-headed ogre is heavily wounded.
The two-headed ogre attacks as you move away!
The two-headed ogre hits you with a +0 giant club!!
You die...
Your body crumbles into a pile of gold.

............# ..
.(..........# ...
.........<..#....
......#######....
......#.........
#.....#.....###########
#.......))............#
#.!......)............#
#.......))....(O@.....#
#.....#.(...#.........#
#######.....#.....>...#
#.....#.........#
#.....#.....!...#
#.....#.........#
#.....#.........#
#.#...#...#######
..#....


You could see a two-headed ogre (very poisoned).

Vanquished Creatures
  A two-headed ogre (D:9)
  A manticore (D:8)
  Joseph (D:8)
  Psyche (D:8)
  Grinder (D:6)
  A hornet (D:8)
  A wyvern (D:8)
  6 yaks (D:8)
  A steam dragon (D:7)
  Grum (D:8)
  2 water moccasins (D:5)
  4 sky beasts
  2 orc warriors
  An ice beast (D:3)
  3 black bears
  2 ogres
  4 wolves (D:8)
  2 phantoms
  3 kobold brigands
  A bullfrog (D:8)
  A gnoll sergeant (D:5)
  3 necrophages
  2 scorpions
  4 wights
  3 hounds (D:5)
  2 orc priests
  2 iguanas (D:5)
  4 orc wizards
  A gnoll (D:5)
  12 adders
  6 shadow imps
  3 white imps
  5 ufetubi (Sewer)
  2 worms
  2 dart slugs (D:4)
  22 orcs
  4 ball pythons
  A bat zombie (Sewer)
  7 endoplasms
  8 giant cockroaches
  5 goblins
  7 hobgoblins
  6 quokkas
  6 bats
  5 frilled lizards
  A giant cockroach zombie (Sewer)
  28 kobolds
  A kobold zombie (Sewer)
  6 rats
  A butterfly (D:4)
199 creatures vanquished.

Vanquished Creatures (others)
  A bullfrog (D:7)
  2 orcs (D:7)
  7 plants
10 creatures vanquished.

Grand Total: 209 creatures vanquished

Notes
Turn   | Place    | Note
-------+----------+-------------------------------------------
     0 | D:1      | styxcanada the Minotaur Fighter began the quest for the
                  | Orb.
     0 | D:1      | Reached XP level 1. HP: 19/19 MP: 0/0
   288 | D:1      | Found a faded altar of an unknown god.
   745 | D:1      | Reached XP level 2. HP: 25/27 MP: 1/1
   981 | D:2      | Reached XP level 3. HP: 7/33 MP: 2/2
  2000 | D:2      | Found a shimmering altar of Xom.
  2083 | D:2      | Reached XP level 4. HP: 41/41 MP: 3/3
  2279 | D:3      | Reached skill level 3 in Axes
  2279 | D:3      | Reached skill level 5 in Armour
  2732 | D:3      | Noticed an ice beast
  2739 | D:3      | Killed an ice beast
  2740 | D:3      | Reached skill level 5 in Fighting
  2740 | D:3      | Reached XP level 5. HP: 48/48 MP: 4/4
  3280 | D:4      | Found a hide-covered altar of Uskayaw.
  3432 | D:4      | Reached skill level 4 in Axes
  3500 | D:4      | Noticed an ogre
  3537 | D:4      | Killed an ogre
  3538 | D:4      | Reached XP level 6. HP: 34/56 MP: 5/5
  3688 | D:4      | Found a staircase to the Ecumenical Temple.
  3698 | Temple   | Entered the Ecumenical Temple
  3747 | Temple   | Became a worshipper of Gozag Ym Sagoz the Greedy
  3851 | D:4      | Found a white marble altar of Elyvilon.
  3851 | D:4      | Found a glowing golden altar of the Shining One.
  3852 | D:4      | Found a glowing silver altar of Zin.
  4111 | D:5      | Entered Level 5 of the Dungeon
  4188 | D:5      | Reached skill level 5 in Axes
  4188 | D:5      | Reached skill level 1 in Dodging
  4188 | D:5      | Reached XP level 7. HP: 40/61 MP: 6/6
  4190 | D:5      | Reached skill level 1 in Evocations
  4386 | D:5      | Reached skill level 1 in Throwing
  5092 | D:5      | Found an ancient bone altar of Kikubaaqudgha.
  5098 | D:5      | Found a blossoming altar of Fedhas.
  5102 | D:5      | Found a hazy altar of Hepliaklqana.
  5243 | D:5      | Reached XP level 8. HP: 70/70 MP: 7/7
  5575 | D:5      | Found a stormy altar of Qazlal.
  5609 | D:6      | Reached skill level 6 in Axes
  5642 | D:6      | Found a radiant altar of Vehumet.
  5649 | D:6      | Noticed Grinder
  5663 | D:6      | Killed Grinder
  5691 | D:6      | Reached skill level 7 in Axes
  6076 | D:6      | Reached skill level 5 in Shields
  6180 | D:6      | Found a glowing drain.
  6195 | Sewer    | Entered a sewer
  6323 | Sewer    | Found an ancient bone altar of Kikubaaqudgha.
  6365 | Sewer    | Reached XP level 9. HP: 79/79 MP: 8/8
  6456 | Sewer    | Identified the +1 pair of boots "Wibrat" {Stlth+}
  6637 | D:6      | Found a broken altar of Ashenzari.
  6903 | D:7      | Reached skill level 8 in Axes
  7697 | D:7      | Found Osifa's Assorted Antiques.
  8285 | D:8      | Noticed a manticore
  8293 | D:8      | Killed a manticore
  8294 | D:8      | Reached skill level 9 in Axes
  8443 | D:8      | Noticed Grum
  8460 | D:8      | Reached XP level 10. HP: 77/90 MP: 9/9
  8470 | D:8      | Killed Grum
  8482 | D:8      | Reached skill level 10 in Axes
  8768 | D:8      | Noticed Psyche
  8772 | D:8      | Killed Psyche
  8884 | D:8      | Reached skill level 11 in Axes
  9195 | D:8      | Noticed Joseph
  9206 | D:8      | Killed Joseph
  9207 | D:8      | Reached skill level 10 in Armour
  9386 | D:9      | Noticed a two-headed ogre
  9401 | D:9      | Killed a two-headed ogre
  9421 | D:9      | Noticed a two-headed ogre
  9445 | D:9      | Slain by a two-headed ogre

Illustrated notes

Levels and vault maps discovered:
D:1:      minmay_arrival_up_and_down, layout_loops_corners,
          shapermc_ecumenical_altar_acropolis, minmay_misc_feat_doors
D:2:      kb_forest_paths, layout_basic, basic_altar
D:3:      layout_basic
D:4:      layout_rooms, good_gods_temple_1, mainiacjoe_overflow_catwalk,
          minmay_temple_entry_butterflies, serial_forest,
          infiniplex_forest_lined_3, infiniplex_forest_pool,
          infiniplex_forest_clump_tiny, infiniplex_forest_straight_2,
          infiniplex_forest_clump_medium
D:5:      layout_loops_corners, kennysheep_mini_moat, minitemple,
          serial_bayou_pond_b
D:6:      layout_loops_ring, ashenzari_altar_1, lemuel_round_altar,
          gup_sewer_entry_pipe, uniq_grinder
D:7:      layout_rooms, serial_shops, nicolae_lakefront_shop
D:8:      layout_loops_ring, dk_noncrumbling_3, uniq_joseph, uniq_psyche,
          uniq_grum
D:9:      layout_grid_maze, mainiacjoe_overflow_alcove_4, trog_ov_bears_minmay,
          cheibrodos_worm_habitat, david_orc_4, serial_shops,
          nicolae_shop_temple_entry_statues_fountains
Temple:   hellmonk_temple_forest_ring

Skill      XL: |  1  2  3  4  5  6  7  8  9 10 |
---------------+-------------------------------+-----
Armour         | 4 5 6 7 8 9 10 | 10.3
Fighting       | 4 5 6 7 8 9 |  9.4
Axes           | 3 4 5 7 9 11 | 11.5
Shields        | 4 5 6 |  6.0
Dodging        | 1 2 3 |  3.4
Evocations     | 1 3 4 |  4.8
Throwing       | 1 |  1.6

Action                   |  1- 3 |  4- 6 |  7- 9 | 10-12 || total
-------------------------+-------+-------+-------+-------++-------
Melee: War axe           |    74 |   118 |   298 |    71 ||   561
       Headbutt          |    12 |    14 |    40 |    13 ||    79
Throw: Dart              |     9 |     6 |    10 |     3 ||    28
       Boomerang         |       |       |     3 |       ||     3
Evoke: Wand              |       |       |       |     1 ||     1
  Use: Scroll            |       |     6 |     9 |     8 ||    23
       Potion            |       |       |       |     1 ||     1
 Stab: Distracted        |       |       |     2 |     4 ||     6
Armor: Scale mail        |    27 |    40 |    79 |       ||   146
       Chain mail        |       |       |    57 |    13 ||    70
       Plate armour      |       |       |       |     8 ||     8
Dodge: Dodged            |    44 |    78 |   170 |    44 ||   336
Block: Buckler           |    11 |    25 |    62 |    18 ||   116
